 Dungeon Crawl Stone Soup version 0.28-a0-1518-gbe868bca14 (webtiles) character file.

Game seed: 4324800684938426929

617 Arum the Skirmisher (level 7, -6/53 (57) HPs)
             Began as a Formicid Fighter on Jan 17, 2022.
             Killed from afar by a steam dragon (18 damage)
             ... with a ball of steam
             ... on level 5 of the Dungeon.
             The game lasted 00:03:41 (3913 turns).

Arum the Skirmisher (Formicid Fighter)              Turns: 3913, Time: 00:03:42

HP:   -6/53 (57)    AC: 11    Str: 22    XL:     7   Next: 74%
MP:   7/7           EV:  9    Int:  8    God:
Gold: 210           SH:  4    Dex: 10    Spells: 6/6 levels left

rFire   . . .      SeeInvis +   a - +0 long sword
rCold   + + .      Faith    .   c - +0 buckler
rNeg    . . .      Spirit   .   b - +0 scale mail
rPois   .          Reflect  .   (helmet unavailable)
rElec   .          Harm     .   (no cloak)
rCorr   .          Rampage  .   (no gloves)
Will    .....                   (no boots)
Stlth   ..........              (no amulet)
HPRegen 0.17/turn               h - ring of protection from cold
MPRegen 0.10/turn               j - +4 ring of protection

@: drained
A: permanent stasis, dig shafts and tunnels, antennae 3, four strong arms, cold
resistance 1
a: Dig, Shaft Self


You were on level 5 of the Dungeon.
You visited 1 branch of the dungeon, and saw 5 of its levels.

You collected 210 gold pieces.

Inventory:

Hand Weapons
 a - a +0 long sword (weapon)
Armour
 b - a +0 scale mail (worn)
 c - a +0 buckler (worn)
Jewellery
 h - a ring of protection from cold (left hand)
 j - a +4 ring of protection (right hand)
 n - an amulet of guardian spirit
Wands
 g - a wand of paralysis (11)
 i - a wand of charming (3)
Scrolls
 e - 4 scrolls of identify
 f - 2 scrolls of vulnerability
 l - a scroll of magic mapping {unknown}
 m - a scroll of fog
Potions
 d - a potion of might
 k - a potion of mutation


   Skills:
 + Level 5.9 Fighting
 + Level 4.8 Long Blades
 + Level 5.9 Armour
 - Level 3.6 Shields


You had 6 spell levels left.
You didn't know any spells.
Your spell library contained the following spells:

 Spells                   Type           Power      Damage    Failure   Level
 Apportation              Tloc           0%         N/A       78%         1
 Sandblast                Erth           0%         2d4       78%         1
 Passwall                 Tmut/Erth      0%         N/A       89%         2
 Stone Arrow              Conj/Erth      0%         3d7       98%         3
 Alistair's Intoxication  Tmut/Pois      0%         N/A       100%        5


Dungeon Overview and Level Annotations

Branches:
Dungeon (5/15)
 Temple: D:4-7

Altars:
Fedhas
Uskayaw


Innate Abilities, Weirdness & Mutations

You cannot be hasted, slowed, berserked, paralysed or teleported.
You can dig through walls and to a lower floor.
You have a pair of large antennae on your head. (SInv)
Your four strong arms can wield two-handed weapons with a shield.
Your flesh is cold resistant. (rC+)


Message History

You now have 210 gold pieces (gained 14).
n - an amulet of guardian spirit A steam dragon comes into view.
The steam dragon hisses angrily.
The steam dragon breathes steam at you. The ball of steam hits you!
The steam dragon moves out of view.
You're standing in a cloud of steam!
You start resting.
A steam dragon is nearby!
You hit the steam dragon but do no damage.
The steam dragon bites you. The steam dragon claws you.
You barely miss the steam dragon. The steam dragon completely misses you.
The steam dragon barely misses you. You block the steam dragon's attack.
The steam dragon claws you.
You hit the steam dragon.
The steam dragon is lightly wounded.
The steam dragon breathes steam at you. The ball of steam misses you.
You hear a shout!
The steam dragon barely misses you.
The steam dragon claws you but does no damage.
You closely miss the steam dragon.
The steam dragon is lightly wounded.
The steam dragon bites you but does no damage.
The steam dragon claws you.
You barely miss the steam dragon.
The steam dragon is lightly wounded.
The steam dragon barely misses you. You block the steam dragon's attack.
You hit the steam dragon.
The steam dragon is moderately wounded.
You are engulfed in a cloud of scalding steam.
The steam dragon bites you.
The steam dragon claws you but does no damage.
You completely miss the steam dragon.
The steam dragon is moderately wounded.
The steam dragon bites you! The steam dragon claws you.
* * * LOW HITPOINT WARNING * * *
The steam dragon breathes steam at you. The ball of steam hits you!!
You die...

............#...#......
.####...#####.......### .#
#...#####.......###
#...####...............##.
........###............##.
..#####.###...............
#..........##.......
#...........#.......
#.D@........#....... ..#
#.#................. .>### #.#
...#................. #.#..
..#.....#........g........ #.#.#
#.+.....#................. #.#.#
#.#.....#......^..####.... #<#.#
#.#####.......ยง...########
##.#.###.#...................#...
...................###.......)...


You could see a steam dragon (catching breath).

Vanquished Creatures
  A water moccasin (D:4)
  An ogre (D:3)
  A scorpion (D:5)
  A water moccasin skeleton (D:5)
  A bullfrog skeleton (D:5)
  A centaur skeleton (D:5)
  A gnoll shaman (D:5)
  A scorpion zombie (D:5)
  An iguana (D:5)
  A hound skeleton (D:4)
  3 gnolls (D:5)
  6 adders
  2 worms
  A dart slug (D:3)
  3 orcs
  6 bats
  9 endoplasms
  3 giant cockroaches
  10 hobgoblins
  8 jackals
  3 quokkas
  6 ball pythons
  2 frilled lizards (D:3)
  6 goblins
  8 kobolds
  2 rats
88 creatures vanquished.

Vanquished Creatures (others)
  12 demonic plants (D:3)
12 creatures vanquished.

Grand Total: 100 creatures vanquished

Notes
Turn   | Place    | Note
-------+----------+-------------------------------------------
     0 | D:1      | Arum the Formicid Fighter began the quest for the Orb.
     0 | D:1      | Reached XP level 1. HP: 18/18 MP: 1/1
   174 | D:1      | Reached XP level 2. HP: 12/24 MP: 2/2
   614 | D:1      | Reached XP level 3. HP: 25/30 MP: 3/3
  1221 | D:2      | Reached XP level 4. HP: 27/37 MP: 4/4
  1933 | D:3      | Noticed an ogre
  1941 | D:3      | Killed an ogre
  1942 | D:3      | Reached XP level 5. HP: 13/43 MP: 5/5
  2545 | D:3      | Found a faded altar of an unknown god.
  2579 | D:3      | Reached XP level 6. HP: 49/49 MP: 6/6
  2664 | D:3      | Found a blossoming altar of Fedhas.
  2669 | D:3      | Found a hide-covered altar of Uskayaw.
  2856 | D:4      | Noticed a water moccasin
  2864 | D:4      | Gained mutation: Your flesh is cold resistant. (rC+)
                  | [potion of mutation]
  2879 | D:4      | Killed a water moccasin
  2880 | D:4      | Reached skill level 5 in Fighting
  2880 | D:4      | Reached skill level 5 in Armour
  3158 | D:4      | You fall into a shaft and drop 1 floor!
  3158 | D:5      | Entered Level 5 of the Dungeon
  3174 | D:5      | Reached XP level 7. HP: 43/56 MP: 7/7
  3900 | D:5      | Noticed a steam dragon
  3913 | D:5      | Killed from afar by a steam dragon

Illustrated notes

Levels and vault maps discovered:
D:1:      dpeg_arrival_solitude, layout_rooms
D:2:      layout_loops_ring
D:3:      layout_basic, mainiacjoe_overflow_big_doors,
          shapermc_ecumenical_altar_flowoftime, minmay_joined_circles
D:4:      layout_loops_ring, minmay_temple_entry_antechambers,
          hangedman_decor_points, serial_bayou_lake_a, uniq_sigmund
D:5:      layout_basic, uniq_crazy_yiuf_cottage

Skill      XL: |  1  2  3  4  5  6 |
---------------+-------------------+-----
Fighting       | 4 5 |  5.9
Armour         | 4 5 |  5.9
Long Blades    | 3 4 |  4.8
Shields        | |  3.6

Action                   |  1- 3 |  4- 6 |  7- 9 || total
-------------------------+-------+-------+-------++-------
Melee: Long sword        |    90 |   161 |    66 ||   317
 Abil: Dig               |       |       |     2 ||     2
  Use: Scroll            |       |     4 |       ||     4
       Potion            |       |     3 |       ||     3
 Stab: Fleeing           |       |     3 |       ||     3
Armor: Scale mail        |    36 |    85 |    30 ||   151
Dodge: Dodged            |    37 |    84 |    25 ||   146
Block: Buckler           |    29 |    26 |    13 ||    68

Table legend: (Time is in decaauts)
 A = Elapsed time spent in this place.
 B = Non-inter-level travel time spent in this place.
 C = Inter-level travel time spent in this place.
 D = Time resting spent in this place.
 E = Time spent auto-exploring this place.
 F = Levels seen in this place.
 G = Mean time per level.
                   A        B        C        D        E       F      G
               +--------+--------+--------+--------+--------+-----+--------+
         Total |   3994 |   3947 |     47 |    667 |   2492 |   5 |  798.8 |
       Dungeon |   3994 |   3947 |     47 |    667 |   2492 |   5 |  798.8 |
               +--------+--------+--------+--------+--------+-----+--------+

Top non-repeatable levels by time:
     D:3: 964 daAuts
     D:1: 955 daAuts
     D:2: 895 daAuts
     D:5: 769 daAuts
     D:4: 408 daAuts
